[Event "GER-ch Youth-ODJM 2022 A"]
[Site "Willingen"]
[Date "2022.06.08"]
[Round "5.2"]
[White "Heß, Maxim"]
[Black "Ollhoff, Hannes"]
[Result "0-1"]
[ECO "D00"]
[WhiteElo "1146"]
[BlackElo "1235"]
[Annotator "NA RC COMBH"]
[PlyCount "48"]
[EventDate "2022.06.05"]
[EventType "swiss"]
[EventRounds "9"]
[EventCountry "GER"]
[SourceTitle "playchess.com"]
[Source "ChessBase"]
[SourceQuality "1"]
[TimeControl "40/4500+30:900+30"]

1. d4 d5 2. e3 e6 3. Bd3 Bd6 4. Nf3 Nf6 5. b3 c5 6. O-O O-O 7. Bb2 Nc6 8. Nbd2 b6 9. a3 Bb7 10. Ne5 Rc8 11. f4 Qc7 12. Qf3 Ne7 13. g4 Ng6 14. Kf2 c4 15. Bxg6 hxg6 16. c3 b5 17. Ke2 Ne4 18. b4 a5 19. h4 axb4 20. axb4 Bxb4 21. cxb4 Nxd2 22. Kxd2 c3+ 23. Bxc3 Qxc3+ 24. Ke2 Qb2+ 0-1

[Event "GER-ch Youth-ODJM 2022 A"]
[Site "Willingen"]
[Date "2022.06.08"]
[Round "5.3"]
[White "Akcapinar, Timur"]
[Black "Rabus, Johann"]
[Result "1-0"]
[ECO "B13"]
[WhiteElo "1278"]
[BlackElo "1079"]
[Annotator "NA RC COMBH"]
[PlyCount "37"]
[EventDate "2022.06.05"]
[EventType "swiss"]
[EventRounds "9"]
[EventCountry "GER"]
[SourceTitle "playchess.com"]
[Source "ChessBase"]
[SourceQuality "1"]
[TimeControl "40/4500+30:900+30"]

1. e4 c6 2. d4 d5 3. exd5 cxd5 4. Bd3 Nc6 5. c3 Nf6 6. Bf4 e6 7. Nf3 Bd6 8. Ne5 Qc7 9. Qe2 O-O 10. Nd2 Nd7 11. Nxd7 Bxd7 12. Be3 a6 13. Qh5 h6 14. Bxh6 gxh6 15. Qxh6 Rfe8 16. Bh7+ Kh8 17. Bg6+ Kg8 18. Qh7+ Kf8 19. Qxf7# 1-0

[Event "GER-ch Youth-ODJM 2022 A"]
[Site "Willingen"]
[Date "2022.06.08"]
[Round "5.4"]
[White "Fahlbusch, Niclas"]
[Black "Schöne, Finn"]
[Result "0-1"]
[ECO "D00"]
[WhiteElo "1280"]
[BlackElo "1110"]
[Annotator "NA RC COMBH"]
[PlyCount "65"]
[EventDate "2022.06.05"]
[EventType "swiss"]
[EventRounds "9"]
[EventCountry "GER"]
[SourceTitle "playchess.com"]
[Source "ChessBase"]
[SourceQuality "1"]
[TimeControl "40/4500+30:900+30"]

1. d4 d5 2. Bf4 e6 3. Nf3 Nf6 4. e3 Bd6 5. Bg3 Ne4 6. Bxd6 Qxd6 7. c3 c5 8. Nbd2 cxd4 9. exd4 f5 10. Bd3 O-O 11. Ne5 Nd7 12. Ndf3 Nxe5 13. Nxe5 Bd7 14. f3 Nc5 15. Nxd7 Nxd7 16. Qc2 g6 17. O-O-O Rae8 18. Bb5 Re7 19. Bxd7 Qxd7 20. h4 h5 21. g4 Rh7 22. Rde1 Qe7 23. Qe2 Re8 24. Kb1 hxg4 25. fxg4 Rxh4 26. gxf5 Rxh1 27. Rxh1 exf5 28. Qxe7 Rxe7 29. Rg1 Kg7 30. Rg2 f4 31. Rg5 f3 32. Rg1 f2 33. Ka1 0-1

[Event "GER-ch Youth-ODJM 2022 A"]
[Site "Willingen"]
[Date "2022.06.08"]
[Round "5.5"]
[White "Reger, Christoph"]
[Black "Braschler, David"]
[Result "1/2-1/2"]
[ECO "A45"]
[WhiteElo "1056"]
[BlackElo "1046"]
[Annotator "NA RC COMBH"]
[PlyCount "76"]
[EventDate "2022.06.05"]
[EventType "swiss"]
[EventRounds "9"]
[EventCountry "GER"]
[SourceTitle "playchess.com"]
[Source "ChessBase"]
[SourceQuality "1"]
[TimeControl "40/4500+30:900+30"]

1. d4 Nf6 2. Bf4 d5 3. e3 e6 4. c3 c5 5. Nd2 Nc6 6. Ngf3 Bd6 7. Bg3 b6 8. Bd3 c4 9. Bc2 a5 10. b3 b5 11. Bxd6 Qxd6 12. O-O O-O 13. h3 h6 14. Qe2 Bd7 15. e4 dxe4 16. Nxe4 Nxe4 17. Bxe4 f5 18. Bxc6 Bxc6 19. bxc4 Bxf3 20. gxf3 bxc4 21. Qxc4 Kh8 22. Rfe1 Rfe8 23. Re5 Rac8 24. Rc5 Rxc5 25. Qxc5 Qxc5 26. dxc5 Rc8 27. Re1 Rc6 28. Re5 Kg8 29. Kg2 Kf7 30. f4 Kf6 31. h4 g5 32. hxg5+ hxg5 33. Kf3 a4 34. a3 Ra6 35. Re2 gxf4 36. Kxf4 Ra5 37. Re5 Rb5 38. c4 Ra5 1/2-1/2

[Event "GER-ch Youth-ODJM 2022 A"]
[Site "Willingen"]
[Date "2022.06.08"]
[Round "5.6"]
[White "Sabirov, Ramil"]
[Black "Jenner, Meikel"]
[Result "1-0"]
[ECO "B30"]
[WhiteElo "2124"]
[BlackElo "1981"]
[Annotator "TA"]
[PlyCount "55"]
[EventDate "2022.06.05"]
[EventType "swiss"]
[EventRounds "9"]
[EventCountry "GER"]
[SourceTitle "playchess.com"]
[Source "ChessBase"]
[SourceQuality "1"]
[TimeControl "40/4500+30:900+30"]

1. e4 c5 2. Nf3 Nc6 3. c3 Nf6 4. e5 Nd5 5. d4 cxd4 6. cxd4 d6 7. Bc4 Nc7 {[%emt 0:00:00] B22: Sicilian: 2 c3.} (7... Nb6 $11 8. Bb5 e6) 8. exd6 Qxd6 9. Nc3 g6 ({Black should play} 9... e6 $1 $14) 10. O-O {[%emt 0:06:54] And now d5 would win.} Bg7 11. d5 $1 Ne5 12. Ne4 $36 {[%emt 0:04:05][%mdl 2048] [#] White has strong initiative.} Qd8 $146 (12... Qb4 $16 13. Nxe5 Bxe5) ({Predecessor:} 12... Qb4 13. Nxe5 Bxe5 14. Qe2 b5 15. Bb3 Bf5 16. Ng3 Qd6 17. Bh6 a6 18. Rfe1 Bf6 {1-0 (41) Chuzhakin,E (2204)-Ponomarenko,V (2228) Tula 2007}) 13. Nxe5 $18 Bxe5 14. Bh6 {[%emt 0:02:33][%cal Bc1h6,Bh6g7,Bg7e5,Be5f6,Bf6e7,Be7d6][%mdl 32] f4 is the strong threat.} b5 {[%emt 0:00:00] [#]} (14... Bf5 $142) 15. Bb3 $1 Bb7 $2 (15... Bf5 {was necessary.} 16. Re1 Bxe4 17. Rxe4 Bd6) 16. f4 Bxb2 17. Rb1 Ba3 (17... Nxd5 $142 18. Rxb2 Qb6+ 19. Nf2 Ne3) 18. Re1 Kd7 19. Bg7 Rg8 $2 (19... Kc8 20. Bxh8 Qxh8) 20. Be5 Bd6 21. Qd4 Kc8 $2 (21... Ne8 22. Qe3 Kc8) 22. Nxd6+ {[%emt 0:03:11][%mdl 64] [#] Deflection. White is clearly winning.} exd6 23. Bf6 Qf8 24. Rbc1 {[%emt 0:00:42] Intending Qc3 and mate.} Kb8 25. Be7 {[%emt 0:03:14] This bishop pair is nice.} Qg7 26. Qxg7 Rxg7 27. Bxd6 f6 28. Rxc7 {[%emt 0:00:19] White took control after the opening.  Weighted Error Value: White=0.28 (precise) /Black=0.83} 1-0

[Event "GER-ch Youth-ODJM 2022 A"]
[Site "Willingen"]
[Date "2022.06.08"]
[Round "5.7"]
[White "Hildebrand, Azat"]
[Black "Direk, Oguzhan"]
[Result "0-1"]
[ECO "D05"]
[WhiteElo "1190"]
[BlackElo "1020"]
[Annotator "NA RC COMBH"]
[PlyCount "98"]
[EventDate "2022.06.05"]
[EventType "swiss"]
[EventRounds "9"]
[EventCountry "GER"]
[SourceTitle "playchess.com"]
[Source "ChessBase"]
[SourceQuality "1"]
[TimeControl "40/4500+30:900+30"]

1. d4 d5 2. Nf3 Nf6 3. e3 e6 4. Bd3 Nbd7 5. Nbd2 c6 6. Qe2 Be7 7. O-O Qc7 8. Re1 Nb6 9. b3 Nfd7 10. Bb2 g5 11. h3 h5 12. g3 f6 13. Nh2 Bd6 14. Bg6+ Ke7 15. f4 h4 16. g4 e5 17. e4 Kd8 18. Nhf1 gxf4 19. Nf3 Nf8 20. Bh5 Be6 21. dxe5 fxe5 22. Nxh4 dxe4 23. Qxe4 Bc5+ 24. Kh2 Nfd7 25. Rad1 Kc8 26. Ng6 Bd5 27. Qf5 Rg8 28. Rxe5 f3 29. Qf7 Bxf7 30. Rxd7 Nxd7 31. Kh1 Nxe5 32. Bxe5 Bd6 33. Bxd6 Qxd6 34. Nh4 Bxh5 35. Nxf3 Qd5 36. N1h2 Bxg4 37. hxg4 Rh8 38. Kg1 Kc7 39. g5 Rxh2 40. Nxh2 Qxg5+ 41. Kf2 Rf8+ 42. Nf3 Qf4 43. Ke2 Qxf3+ 44. Kd2 Rd8+ 45. Kc1 b5 46. Kb2 b4 47. a3 Qc3+ 48. Ka2 Qxc2+ 49. Ka1 Rd1# 0-1

[Event "GER-ch Youth-ODJM 2022 A"]
[Site "Willingen"]
[Date "2022.06.08"]
[Round "5.8"]
[White "Löffelholz, Simon"]
[Black "Ginschel, Leonhard"]
[Result "1-0"]
[ECO "C44"]
[WhiteElo "1044"]
[BlackElo "1236"]
[Annotator "NA RC COMBH"]
[PlyCount "41"]
[EventDate "2022.06.05"]
[EventType "swiss"]
[EventRounds "9"]
[EventCountry "GER"]
[SourceTitle "playchess.com"]
[Source "ChessBase"]
[SourceQuality "1"]
[TimeControl "40/4500+30:900+30"]

1. e4 e5 2. Nf3 Nc6 3. d4 exd4 4. Nxd4 Qh4 5. Nc3 Bb4 6. Bd3 Nxd4 7. O-O Bxc3 8. bxc3 Nc6 9. Bc4 d6 10. f3 Qh5 11. Be3 Bd7 12. Rb1 Rb8 13. Rb5 Qg6 14. Qd2 Nf6 15. Rg5 Qh6 16. Bb5 g6 17. Bxc6 Bxc6 18. Re5+ dxe5 19. Bxh6 Rd8 20. Qe3 Ng8 21. Bg7 1-0

[Event "GER-ch Youth-ODJM 2022 A"]
[Site "Willingen"]
[Date "2022.06.08"]
[Round "5.9"]
[White "Koll, Linus"]
[Black "Gallasch, Jonas"]
[Result "0-1"]
[ECO "B10"]
[WhiteElo "1989"]
[BlackElo "2060"]
[Annotator "TA"]
[PlyCount "64"]
[EventDate "2022.06.05"]
[EventType "swiss"]
[EventRounds "9"]
[EventCountry "GER"]
[SourceTitle "playchess.com"]
[Source "ChessBase"]
[SourceQuality "1"]
[TimeControl "40/4500+30:900+30"]

1. e4 c6 2. Nf3 d5 3. exd5 cxd5 4. Ne5 Nc6 5. d4 Nxe5 6. dxe5 {[%emt 0:00:00] White wants to play Bb5+. B10: Caro-Kann: 2 d3 and 2 c4.} e6 7. Bd3 Qc7 8. Qe2 {[%emt 0:00:00] White has an edge.} Bc5 {[%emt 0:00:00] [#]} 9. Nd2 $146 ({Predecessor:} 9. O-O Ne7 10. Nd2 Ng6 11. Nf3 Bd7 12. Bd2 O-O 13. Rae1 a6 14. Ng5 Bc8 15. Qh5 {½-½ (25) Munoz Pelaez,M (2104)-Perez Beltran,S (1908) Caleta 2017}) 9... Ne7 10. Nb3 Bb6 11. O-O Nc6 12. Re1 O-O {[%emt 0:03:34][%cal Bh8f8,Bf8f6,Bf6f4][%mdl 32] [#]} 13. Bg5 {[%emt 0:11:45] [#]} ({Better is} 13. Qh5 $1 $16 g6 14. Qh4) 13... Nxe5 $1 $15 14. Qxe5 Qxe5 15. Rxe5 {[%emt 0:00:05] Black must now prevent Ree1.} f6 16. Bxf6 Rxf6 17. Rf1 Bd7 18. c4 Raf8 19. Re2 ({Don't go for} 19. cxd5 $2 Rxf2 20. Rxf2 Rxf2 $19) 19... Rf4 20. c5 Bc7 21. c6 Bxc6 {[%emt 0:10:39] aiming for ...e5.} 22. Nc5 e5 {[%emt 0:00:25][%cal Be6e5,Be5e4][%mdl 32] Strongly threatening ...e4.} 23. Ne6 e4 $36 {[%emt 0:00:09][%mdl 2048] Black has some pressure.} 24. Bb1 Bb5 25. Rc2 Bxf1 26. Kxf1 {[%emt 0:02:46] [#]} Bb6 $1 27. Nxf4 (27. f3 g6) 27... Rxf4 $17 {[%emt 0:00:04] KRB-KRB} 28. g3 Rf3 29. Kg2 Kf7 {[%emt 0:01:12] 0x0.002ac502406ddp-1022s more active pieces.} 30. Rc8 $2 (30. Rd2 $17) 30... Rxf2+ $19 {[%emt 0:00:43] Black is clearly winning.} 31. Kh3 Rxb2 32. Bc2 e3 {[%emt 0:01:12] Weighted Error Value: White=0.48/Black=0.04 (flawless)} 0-1

[Event "GER-ch Youth-ODJM 2022 A"]
[Site "Willingen"]
[Date "2022.06.08"]
[Round "5.10"]
[White "Metzinger, Hannes"]
[Black "Schmitt, Daniel"]
[Result "0-1"]
[ECO "B44"]
[WhiteElo "1845"]
[BlackElo "2128"]
[Annotator "TA"]
[PlyCount "52"]
[EventDate "2022.06.05"]
[EventType "swiss"]
[EventRounds "9"]
[EventCountry "GER"]
[SourceTitle "playchess.com"]
[Source "ChessBase"]
[SourceQuality "1"]
[TimeControl "40/4500+30:900+30"]

1. e4 c5 2. Nf3 e6 3. d4 cxd4 4. Nxd4 Nc6 5. Nb5 d6 6. c4 Nf6 7. N1c3 a6 {[%emt 0:00:00] B44: Sicilian: Taimanov: 5 Nb5.} 8. Na3 {[%emt 0:00:00] 8.Nd4 is more advanced technology.} Qa5 9. Bd3 Ne5 {[%emt 0:00:00] aiming for ...d5. The position is equal.} 10. O-O d5 {[%emt 0:00:00] [#]} 11. exd5 $146 ({Not} 11. Bf4 $2 Bxa3 12. Bxe5 Bxb2 13. Bxf6 gxf6 14. Nxd5 exd5 $19) ({White should try} 11. f4 $15 Nxc4 12. Nc2 (12. Nxc4 dxc4 13. Bc2 Bd7 $15)) ({Predecessor:} 11. f4 Nxd3 12. Qxd3 Bxa3 13. bxa3 Qc5+ 14. Be3 Qxc4 15. Qxc4 dxc4 16. Bc5 Bd7 17. e5 {0-1 (43) Janocha,W (2269)-Edouard,R (2659) Wroclaw 2014}) 11... Bxa3 $19 12. Re1 Nxd3 13. Qxd3 Be7 14. d6 Bd8 15. a3 O-O 16. b4 Qf5 17. Qd4 Ng4 {[%emt 0:12:34][%cal Bf6g4,Bg4h6,Bh6f5][%mdl 32] [#] Hoping for ...Bf6.} 18. Bb2 (18. Ne4 $142) 18... Bf6 19. Qd2 Bd7 {[%emt 0:02:40] Against Na4. And now ...Ne5 would win.} 20. f4 h5 ({Wrong is} 20... Qh5 $2 21. h3 Nh6 22. Ne4 $19) 21. h3 Nh6 22. Re5 $2 (22. Ne2 {keeps fighting.}) 22... Bxe5 23. fxe5 Qg6 24. Ne2 Nf5 {[%emt 0:04:01] [#] ...Nh4 is the strong threat.} 25. Rf1 Bc6 26. Nf4 Qg5 {[%emt 0:03:24] White got outplayed after the opening.  Weighted Error Value: White=0.43/Black=0.15 (very precise)} 0-1

[Event "GER-ch Youth-ODJM 2022 A"]
[Site "Willingen"]
[Date "2022.06.08"]
[Round "5.11"]
[White "François, Yannick"]
[Black "Irkilmez, Yakub"]
[Result "1/2-1/2"]
[ECO "A34"]
[WhiteElo "1867"]
[BlackElo "2169"]
[Annotator "TA"]
[PlyCount "199"]
[EventDate "2022.06.05"]
[EventType "swiss"]
[EventRounds "9"]
[EventCountry "GER"]
[SourceTitle "playchess.com"]
[Source "ChessBase"]
[SourceQuality "1"]
[TimeControl "40/4500+30:900+30"]

1. c4 c5 2. Nc3 Nf6 3. e4 Nc6 4. g3 e6 5. Bg2 d5 6. exd5 {[%emt 0:00:00] A19: English Opening: Flohr-Mikenas System with 3...c5.} exd5 7. cxd5 Nb4 8. d3 $1 Be7 9. Nge2 Nbxd5 10. O-O O-O 11. Nf4 Nb4 {[%emt 0:10:56] [#]} 12. h3 $146 ({Predecessor:} 12. a3 Nc6 13. Nfd5 Nxd5 14. Nxd5 Be6 15. Nxe7+ Qxe7 16. Bxc6 bxc6 17. f3 Rad8 18. Qc2 {0-1 (53) Tomaszewski,R (2206)-Ogloblin,N (2346) Chess.com INT 2020}) 12... Bf5 13. Bxb7 Rb8 14. Be4 Qc8 15. Bxf5 (15. g4 $1 $14 {was preferrable.} Bxe4 16. dxe4) 15... Qxf5 $11 16. Qe2 Rfe8 17. Ne4 {[%emt 0:00:59] Inhibits Bd6.} (17. g4 $11 Qc8 18. Rb1) 17... Rbd8 18. Re1 Nfd5 19. Nxd5 Qxd5 20. Be3 ({Better is} 20. Bd2 $1 $15) 20... Nxd3 $17 21. Nc3 Qb7 22. Red1 c4 ({Not} 22... Qxb2 23. Qxb2 Nxb2 24. Rxd8 Rxd8 25. Rb1 $15) ({Don't play} 22... Nxb2 23. Rxd8 Rxd8 24. Rb1 $18) 23. Rd2 Bf6 24. Rad1 Bxc3 (24... Rc8 $19 25. Rf1 Bd4 26. Bxd4 Rxe2 27. Nxe2 Re8) 25. bxc3 Qc8 26. Qg4 Qxg4 ({Black should try} 26... Qc6 $1 $17) 27. hxg4 $11 a6 28. Rb1 Rb8 29. Rxb8 Rxb8 {[%emt 0:00:05][%mdl 4096] Endgame KRB-KRN} 30. Kg2 f6 31. f4 Kf7 32. Kf3 Rd8 33. Bd4 Re8 34. Re2 Rxe2 35. Kxe2 {[%emt 0:00:06] KB-KN} Ke6 36. Ke3 g6 37. Bb6 Kd5 38. Bd4 f5 39. gxf5 gxf5 40. Bb6 Nb2 41. Bd8 $2 (41. Kf3 $1 $11 {and White has nothing to worry.}) 41... Nd1+ $1 $19 42. Kd2 Nf2 43. Bh4 Ke4 44. Ke2 Nd3 (44... Nh1 $1 $19 {White must now prevent ...a5.} 45. a4 h6) 45. Bg5 Nc5 46. Be7 Na4 47. Bf6 Nb6 $1 48. Bd8 (48. Bg7 $17) 48... Nd5 49. Ba5 h6 50. a3 h5 51. Bb4 h4 $1 52. gxh4 Kxf4 {[%emt 0:00:27] aiming for ...Kg4.} 53. Bd6+ Kg4 54. Be5 Kxh4 {[%emt 0:00:10] Strongly threatening ...Kg4.} 55. Kf3 Kg5 56. Bd4 Kg6 57. Kg3 Kf7 58. a4 Nc7 {[%emt 0:00:54] Hoping for ...Ne6.} 59. Kf3 {[%emt 0:00:00] [#]} Ke6 $2 (59... Ne6 $1 $19 60. Ke3 Ke7) 60. Be3 (60. Kf4 $17) 60... Kd5 $2 (60... Nd5 $19 61. Bd4 Kd6) 61. a5 $2 (61. Kf4 $11) 61... Ne6 (61... Kc6 $142 62. Kg3 Kb5 63. Bb6 Nd5 64. Bd8 Nxc3 65. Kf4 Nd5+ 66. Kxf5 c3 67. Bg5 c2 68. Bd2 {[#]} Nc3 $1 69. Bxc3 c1=Q 70. Bd4 Qf1+ 71. Ke4 Qb1+ 72. Ke5 Qe1+ 73. Kf5 Qf1+ 74. Kg5 Qc1+ 75. Kg6 Qc2+ 76. Kf6 Qc6+ 77. Kf5 Qf3+ 78. Ke6 Qg4+ 79. Ke5 Qg5+ 80. Ke4 Qh4+ 81. Ke5 Qh5+ 82. Kf4 Qf7+ 83. Kg3 Qg6+ 84. Kf4 Kxa5 85. Bf2 Qf7+ 86. Ke3 Kb5 87. Ke2 Qh5+ 88. Ke3 a5 89. Ke4 Qg4+ 90. Ke3 Qe6+ 91. Kf3 Qf6+ 92. Ke3 a4 93. Bg3 a3 94. Ke4 Qg6+ 95. Kf3 a2 96. Be5 Qf5+ 97. Kg3 Qxe5+ 98. Kh3 a1=Q 99. Kg2 Qf4 100. Kh3 Qh1#) 62. Bb6 Kc6 63. Ke3 Kb5 64. Kd2 Ng5 65. Ke3 Ne4 (65... Ka4 $142 66. Kf4 Ne4 67. Bd4 Kb3 68. Kxf5 Nxc3 69. Be3 Nd5 70. Bh6 c3 71. Ke4 Kc4 72. Ke5 c2 73. Bg5 Nb4 74. Kf6 Nc6 75. Ke6 Nxa5 76. Bf4 Nb3 77. Ke7 c1=Q 78. Bxc1 Nxc1 79. Kf6 a5 80. Ke7 a4 81. Kf7 Kd5 82. Kg6 a3 83. Kh6 a2 84. Kh5 a1=Q 85. Kg6 Qe5 86. Kh7 Ke6 87. Kg6 Qg3+ 88. Kh6 Kf6 89. Kh7 Qg7#) 66. Kf4 Nxc3 67. Kxf5 Nd5 68. Ke4 Nb4 69. Bc7 c3 70. Kd4 c2 71. Bf4 Ka4 $2 (71... Na2 {mates} 72. Kd3 c1=Q 73. Bxc1 Nxc1+ 74. Kc3 Ka4 75. Kd4 Kb4 76. Kd5 Nb3 77. Ke5 Nxa5 78. Ke4 Nc4 79. Kd3 Kb3 80. Ke2 a5 81. Kd1 a4 82. Kc1 a3 83. Kb1 Ne3 84. Kc1 a2 85. Kd2 Nc4+ 86. Kd3 a1=Q 87. Ke4 Qf6 88. Kd5 Qg6 89. Kd4 Qe6 90. Kc5 Qd6+ 91. Kb5 Qb6#) 72. Bd2 $15 Kxa5 (72... Kb3 $15 73. Kc5 Ka4) 73. Kc3 $11 {[%emt 0:02:21] The position is equal.} Ka4 74. Kb2 a5 75. Bc3 c1=Q+ 76. Kxc1 Kb3 77. Bg7 a4 78. Bf8 a3 79. Bg7 Nd3+ (79... a2 {keeps more tension.} 80. Kd2 Nc2 81. Bh8 a1=Q) 80. Kd2 Nb2 81. Kc1 Na4 82. Bf6 Nc5 (82... a2 $5 83. Ba1 Nc5 $11) 83. Bg7 Ne4 84. Bh8 Ng3 (84... a2 {feels hotter.} 85. Ba1 Nc3 86. Kd2 Nd5) 85. Bg7 (85. Be5 {seems wilder.} a2 86. Ba1 Ne2+ 87. Kd2) 85... Ne2+ (85... a2 {with more complications.} 86. Ba1 Ne2+ 87. Kd2 Ng1) 86. Kd2 Nf4 87. Bh8 Nd5 88. Kc1 Nb4 89. Bg7 Nd3+ (89... a2 {is more complex.} 90. Kd2 Nc6 91. Kc1 Na7) 90. Kd2 Nc5 91. Bh8 Na4 92. Kc1 a2 93. Ba1 $1 Nc3 94. Kd2 Ne4+ 95. Kd1 Nc5 96. Kd2 Ka3 {[%emt 0:00:07] ( -> ...Nb3+)} 97. Kc2 Nb3 98. Bb2+ Ka4 99. Ba1 Nxa1+ 100. Kb2 {[%emt 0:00:03] Whites escaped into a draw.  Weighted Error Value: White=0.66/Black=0.46} 1/2-1/2

[Event "GER-ch Youth-ODJM 2022 A"]
[Site "Willingen"]
[Date "2022.06.08"]
[Round "5.12"]
[White "Terhuven, Patrick"]
[Black "Zha, Kevin"]
[Result "1-0"]
[ECO "A04"]
[WhiteElo "2175"]
[BlackElo "1835"]
[Annotator "TA"]
[PlyCount "105"]
[EventDate "2022.06.05"]
[EventType "swiss"]
[EventRounds "9"]
[EventCountry "GER"]
[SourceTitle "playchess.com"]
[Source "ChessBase"]
[SourceQuality "1"]
[TimeControl "40/4500+30:900+30"]

1. Nf3 g6 2. d4 Bg7 3. g3 d6 4. Bg2 Nf6 5. b3 O-O 6. Bb2 c6 7. O-O Nbd7 {[%emt 0:00:00] 7...Bf5 is more advanced technology.} 8. Nbd2 Qc7 9. e4 Rb8 {[%emt 0:07:10] A49: 1 d4 Nf6 2 Nf3 g6 3 g3: Anti-King's Indian systems.} 10. a4 {[%emt 0:00:00] [#]} d5 $146 (10... b6 $14) ({Predecessor:} 10... e5 11. dxe5 dxe5 12. Re1 Rd8 13. Nc4 Ne8 14. Qb1 f6 15. b4 Nb6 16. Nxb6 axb6 17. c4 {1-0 (41) Sulava,N (2549)-Ballandras,M (1934) Metz 2007}) 11. e5 $1 $16 Ng4 {[%emt 0:12:15] White is better.} 12. h3 (12. Re1 $142) 12... Nh6 13. Qe2 b5 (13... Rd8 $142) 14. e6 (14. axb5 $142 cxb5 15. c3) 14... Nf6 15. g4 (15. exf7+ $16 Nxf7 16. Rfe1) 15... Ne8 (15... Bxe6 $14 16. axb5 (16. g5 Nh5 $11) 16... cxb5) 16. exf7+ Nxf7 17. Rfe1 {[%emt 0:03:45] Threatens to win with axb5.} e6 $1 18. Nf1 Ned6 19. Ng3 Bd7 (19... bxa4 $142 20. Rxa4 c5) 20. Qd2 Rbe8 (20... bxa4 $11 21. Rxa4 Nc4 22. bxc4 Rxb2) 21. axb5 $14 cxb5 22. Ba3 Ra8 (22... a5 $11) 23. Bb4 $16 Rfc8 24. Ra6 Nb7 (24... Re8 $142) 25. c3 Nbd8 26. Rea1 {[%emt 0:02:32] 0x0.00207e114968dp-1022s more active pieces.} ({Better is} 26. h4 $1) 26... Nc6 27. Bc5 Bf8 {[%emt 0:00:22] [#]} (27... Re8 $16 {was necessary.}) 28. b4 (28. c4 $1 $18 ) 28... Bxc5 (28... Bd6 $16) 29. dxc5 $18 ({But not} 29. bxc5 $6 Rcb8 $16) 29... Re8 30. Nd4 ({White should try} 30. Ne2 $18) 30... Nb8 {[%emt 0:01:44] This move loses the game for Black.} (30... Nxd4 $16 31. cxd4 Bc8) 31. R6a5 a6 32. f4 {[%emt 0:14:54] Against Ne5} Ra7 33. Qe3 Re7 (33... Qb7 {was called for.} 34. R5a2 Nc6) 34. f5 Qc8 $2 (34... e5 35. Ne6 Qb7) 35. f6 (35. Bxd5 $142 exd5 36. Qxe7) 35... Re8 {[%emt 0:00:03] [#]} 36. Nxb5 $1 Bxb5 (36... Rb7 37. Nd4) 37. Rxb5 {[%emt 0:00:02][%cal Ba5b5,Bb5b6,Bb6a6][%mdl 96] Pin} Nc6 38. Rb6 Nce5 39. Bf1 Qd8 40. Raxa6 Rxa6 41. Rxa6 ({Less strong is} 41. Bxa6 Ng5 42. Be2 Qxf6 $18) 41... Qxf6 42. Be2 Ng5 43. Kg2 Rf8 44. b5 Nef3 (44... Ngf7 $142 45. b6 Qe7) 45. Bxf3 {[%emt 0:00:00] White is clearly winning.} Nxf3 46. Qxe6+ Qxe6 47. Rxe6 {[%emt 0:00:00][%mdl 4096] Endgame KRN-KRN} Nh4+ 48. Kg1 Nf3+ {[%emt 0:00:00] [#]} 49. Kh1 $1 d4 50. Ne4 d3 51. Rd6 {[%emt 0:00:00] Black must now prevent c6.} Ra8 52. Kg2 Ne5 53. c6 {[%emt 0:00:00] Weighted Error Value: White=0.32/Black=0.51} 1-0